 Dungeon Crawl Stone Soup version 0.29.0-4-gdea44cf6ec (webtiles) character file.

Game seed: 4198510302192999329

5790 Godmorgon the Charlatan (level 10, -2/79 HPs)
             Began as a Gnoll Wanderer on Aug 27, 2022.
             Was a Believer of Ashenzari.
             Slain by a two-headed ogre
             ... wielding a +0 giant club
              (20 damage)
             ... on level 8 of the Dungeon.
             The game lasted 01:27:57 (10881 turns).

Godmorgon the Charlatan (Gnoll Wanderer)           Turns: 10881, Time: 01:27:58

Health: -2/79      AC: 10    Str: 10    XL:     10   Next: 79%
Magic:  0/19       EV: 15    Int: 13    God:    Ashenzari [**....]
Gold:   422        SH:  9    Dex: 16    Spells: 21/22 levels left

rFire   + . .      SeeInvis +   b - +4 scimitar (freeze)
rCold   . . .      Faith    .   e - +3 buckler
rNeg    . . .      Spirit   +   A - +0 leather armour {rF+}
rPois   .          Reflect  .   (no helmet)
rElec   .          Harm     .   (no cloak)
rCorr   .          Rampage  .   l - +0 pair of gloves "At What Cost Knowledge?" {Cun, Evo} (curse)
Will    .....                   L - +0 pair of boots
Stlth   +++.......              F - amulet of guardian spirit
HPRegen 0.23/turn               u - ring of the Shattered Planets {Slay+4, Evo, Melee} (curse)
MPRegen 0.16/turn               N - ring "Bound Together" {AC+4, Alch, Comp} (curse)

@: no status effects
A: fangs 1, strong nose, distributed training
a: Renounce Religion, Shatter the Chains


You were on level 8 of the Dungeon.
You worshipped Ashenzari.
Ashenzari was pleased with you.
You visited 2 branches of the dungeon, and saw 9 of its levels.

You collected 497 gold pieces.
You spent 75 gold pieces at shops.

Inventory:

Hand Weapons
 b - a +4 scimitar of freezing (weapon)
 G - a +2 whip of flaming
 S - a +4 short sword
 T - a +0 sling
Missiles
 c - 2 boomerangs of dispersal
 d - 3 throwing nets
 f - 28 stones
 h - 6 poisoned darts
 J - 2 atropa-tipped darts (quivered)
 Q - 10 boomerangs
Armour
 e - a +3 buckler (worn)
 l - the cursed +0 pair of gloves "At What Cost Knowledge?" (worn) {Cun, Evo}
   (You found it on level 3 of the Dungeon)

   It has a curse which improves the following skills: Cunning: Dodging and
   Stealth.
   Evocations: Evocations.
 A - a +0 leather armour of fire resistance (worn)
 L - a +0 pair of boots (worn)
Magical Staves
 a - a staff of poison
 j - a staff of conjuration
 w - a staff of fire
Jewellery
 o - a +4 ring of evasion
 u - the cursed ring of the Shattered Planets (left hand) {Slay+4, Evo, Melee}
   (You found it on level 3 of the Dungeon)

   [ring of slaying]

   Slay:      It affects your accuracy & damage with ranged weapons and melee
   (+4).
   It has a curse which improves the following skills: Evocations: Evocations.
   Melee Combat: Short Blades, Long Blades, Axes, Maces & Flails, Polearms,
   Staves and Unarmed Combat.
 F - an amulet of guardian spirit (around neck)
 H - a ring of resist corrosion
 M - a +6 ring of strength
 N - the cursed ring "Bound Together" (right hand) {AC+4, Alch, Comp}
   (You found it on level 7 of the Dungeon)

   [ring of protection]

   AC:        It affects your AC (+4).
   It has a curse which improves the following skills: Alchemy: Poison Magic and
   Transmutations.
   Companions: Summonings and Necromancy.
 R - a ring of protection from cold
Wands
 y - a wand of paralysis (9)
 B - a wand of flame (20)
 K - a wand of acid (1)
Scrolls
 m - 3 scrolls of blinking
 n - 2 scrolls of immolation
 p - 5 scrolls of butterflies
 s - 3 scrolls of amnesia
 t - 4 scrolls of teleportation
 v - 2 scrolls of fear
 C - a scroll of silence
 I - a scroll of poison
Potions
 g - 4 potions of might
 i - a potion of heal wounds
 k - 4 potions of curing
 q - 3 potions of haste
 r - 3 potions of brilliance
 x - 2 potions of berserk rage
 z - a potion of magic
 D - 2 potions of lignification
 E - a potion of attraction
 O - a potion of ambrosia
 P - 2 potions of flight


   Skills:
 + Level 7.5 Fighting
 + Level 5.8(7.0) Short Blades
 + Level 5.8(7.0) Long Blades
 + Level 5.8(7.0) Axes
 + Level 5.8(7.0) Maces & Flails
 + Level 5.8(7.0) Polearms
 + Level 5.8(7.0) Staves
 + Level 5.8 Ranged Weapons
 + Level 5.8 Throwing
 + Level 5.8 Armour
 + Level 6.4(7.7) Dodging
 + Level 5.8(7.0) Stealth
 + Level 7.5 Shields
 + Level 5.8(7.0) Unarmed Combat
 + Level 6.5 Spellcasting
 + Level 4.8 Conjurations
 + Level 4.8 Hexes
 + Level 4.8(6.0) Summonings
 + Level 4.8(6.0) Necromancy
 + Level 4.8 Translocations
 + Level 4.8(6.0) Transmutations
 + Level 4.8 Fire Magic
 + Level 4.8 Ice Magic
 + Level 4.8 Air Magic
 + Level 4.8 Earth Magic
 + Level 6.2(7.5) Poison Magic
 + Level 6.4 Invocations
 + Level 7.5(9.4) Evocations


You had 21 spell levels left.
You knew the following spells:

 Your Spells              Type           Power      Damage    Failure   Level
a - Sting                 Tmut/Pois      84%        1d7       1%          1

Your spell library contained the following spells:

 Spells                   Type           Power      Damage    Failure   Level
 Mephitic Cloud           Conj/Pois/Air  19%        N/A       8%          3
 Tukima's Dance           Hex            16%        N/A       11%         3
 Passage of Golubria      Tloc           16%        N/A       34%         4
 Yara's Violent Unravell  Hex/Tmut       9%         3d6       61%         5
 Chain Lightning          Conj/Air       8%         3d10      100%        9
 Fire Storm               Conj/Fire      8%         8d2       100%        9
 Shatter                  Erth           8%         3d10*     100%        9


Dungeon Overview and Level Annotations

Branches:
Dungeon (8/15)             Temple (1/1) D:7            Lair (0/5) D:8

Altars:
Ashenzari
Cheibriados
Elyvilon
Fedhas
Gozag
Hepliaklqana
Kikubaaqudgha
Makhleb
Nemelex Xobeh
Okawaru
Qazlal
Ru
Sif Muna
Trog
Uskayaw
Vehumet
Wu Jian
Xom
Yredelemnul
Zin
The Shining One

Shops:
D:8 ?


Innate Abilities, Weirdness & Mutations

You have very sharp teeth.
Your uncanny sense of smell can sniff out nearby items.
Your experience applies equally to all skills.


Message History

The sting hits the two-headed ogre.
The two-headed ogre is poisoned.
The two-headed ogre is lightly wounded.
The two-headed ogre attacks as you move away!
The two-headed ogre barely misses you.
The two-headed ogre completely misses you.
You slash the two-headed ogre! You freeze the two-headed ogre.
The two-headed ogre is moderately wounded.
The two-headed ogre hits you with a +0 giant club!!
The two-headed ogre hits you with a +0 giant spiked club!
You slash the two-headed ogre! You freeze the two-headed ogre.
The two-headed ogre is heavily wounded.
The two-headed ogre misses you.
The two-headed ogre hits you with a +0 giant spiked club!
* * * LOW HITPOINT WARNING * * *
You feel much better.
Casting: Sting (safe; 1% risk of failure)
Confirm with . or Enter, or press ? or * to list all spells.
Aiming: Sting (safe; 1% risk of failure)
Press: ? - help, Shift-Dir - straight line, f/p - two-headed ogre
Aim: a two-headed ogre, wielding a +0 giant club and a +0 giant spiked club (heavily wounded, poisoned, 89% to hit)
The sting hits the two-headed ogre but does no damage.
The two-headed ogre looks even sicker.
The two-headed ogre is heavily wounded.
The two-headed ogre hits you with a +0 giant club!!
The two-headed ogre barely misses you.
The two-headed ogre attacks as you move away!
The two-headed ogre closely misses you.
The two-headed ogre hits you with a +0 giant spiked club!
* * * LOW HITPOINT WARNING * * *
Casting: Sting (safe; 1% risk of failure)
Confirm with . or Enter, or press ? or * to list all spells.
You don't know that spell.
Unknown command.
Unknown command.
The two-headed ogre looks more healthy.
Casting: Sting (safe; 1% risk of failure)
Confirm with . or Enter, or press ? or * to list all spells.
You don't know that spell.
The two-headed ogre hits you with a +0 giant club!!
You die...

...##..........###.....###..#.#,
....#..........###.....###....#
............#..###.....####...#
............#............##.#.#
..##............#.....#..#....# *
.####..........##..#..#..##...##
..#.............<.##...........##
....)..#..........#........#....#
........##......@O....##......#.#
.............####.............#O#
#.....##.<....#........###))..#.#
............#.........#####.....#
.#.........##.........'...##.##..
.###..<....###........)...##.##..
..##.......###........'...##.####
...........##.........#####..# #
#......................###...# #


You could see a two-headed ogre.

Vanquished Creatures
  Pikel (D:5)
  A manticore (D:7)
  Joseph (D:8)
  3 wyverns (D:8)
  A basilisk (D:8)
  Edmund (D:5)
  Duvessa (D:7)
  4 water moccasins (D:8)
  An ice beast (D:7)
  3 black bears
  3 centaurs
  An ogre (D:7)
  2 wolves (D:8)
  3 phantoms
  A kobold brigand (D:8)
  3 bullfrogs
  A necrophage (D:6)
  3 gnoll sergeants (D:8)
  4 scorpions
  9 wights
  Dowan (D:7)
  3 howler monkeys
  3 electric eels (D:3)
  2 jellies (D:5)
  5 hounds
  4 orc priests
  A gnoll bouda (D:8)
  7 orc wizards
  2 iguanas
  Ijyb (D:3)
  A mummy (D:8)
  Robin (D:3)
  12 gnolls (D:8)
  4 adders
  2 white imps (D:7)
  An ufetubus (D:6)
  A dart slug (D:2)
  23 orcs
  6 ball pythons
  7 bats
  9 endoplasms
  15 goblins
  10 hobgoblins
  3 jackals (D:8)
  7 kobolds
  7 quokkas
  2 frilled lizards (D:1)
  8 rats
195 creatures vanquished.

Vanquished Creatures (others)
  2 fungi (D:8)
  22 plants
24 creatures vanquished.

Grand Total: 219 creatures vanquished

Notes
Turn   | Place    | Note
-------+----------+-------------------------------------------
     0 | D:1      | Godmorgon the Gnoll Wanderer began the quest for the Orb.
     0 | D:1      | Godmorgon set off with the following items: a +0 dagger, a
                  | scroll of butterflies, a potion of lignification, a +0
                  | robe, a +2 buckler; and the following spell memorised:
                  | Sting; and the following spells available to memorise:
                  | Mephitic Cloud.
     0 | D:1      | Reached XP level 1. HP: 20/20 MP: 4/4
   190 | D:1      | You fall into a shaft and drop 1 floor!
   220 | D:2      | Reached XP level 2. HP: 17/26 MP: 3/5
   783 | D:1      | Reached XP level 3. HP: 22/31 MP: 5/7
  1227 | D:2      | Reached skill level 1 in Invocations
  1345 | D:2      | Found a faded altar of an unknown god.
  1562 | D:2      | Reached skill level 1 in Short Blades
  1562 | D:2      | Reached skill level 1 in Long Blades
  1562 | D:2      | Reached skill level 1 in Axes
  1562 | D:2      | Reached skill level 1 in Maces & Flails
  1562 | D:2      | Reached skill level 1 in Polearms
  1562 | D:2      | Reached skill level 1 in Staves
  1562 | D:2      | Reached skill level 1 in Ranged Weapons
  1562 | D:2      | Reached skill level 1 in Throwing
  1562 | D:2      | Reached skill level 1 in Armour
  1562 | D:2      | Reached skill level 1 in Stealth
  1562 | D:2      | Reached skill level 1 in Unarmed Combat
  2017 | D:3      | Noticed Robin
  2136 | D:3      | Reached XP level 4. HP: 38/38 MP: 8/8
  2141 | D:3      | Found a broken altar of Ashenzari.
  2144 | D:3      | Became a worshipper of Ashenzari the Shackled
  2173 | D:3      | Killed Robin
  2471 | D:3      | Found a transporter.
  2480 | D:3      | Noticed Ijyb
  2495 | D:3      | Killed Ijyb
  2496 | D:3      | Reached skill level 1 in Conjurations
  2496 | D:3      | Reached skill level 1 in Hexes
  2496 | D:3      | Reached skill level 1 in Summonings
  2496 | D:3      | Reached skill level 1 in Necromancy
  2496 | D:3      | Reached skill level 1 in Translocations
  2496 | D:3      | Reached skill level 1 in Transmutations
  2496 | D:3      | Reached skill level 1 in Fire Magic
  2496 | D:3      | Reached skill level 1 in Ice Magic
  2496 | D:3      | Reached skill level 1 in Air Magic
  2496 | D:3      | Reached skill level 1 in Earth Magic
  2949 | D:3      | Found an ancient bone altar of Kikubaaqudgha.
  2954 | D:3      | Reached XP level 5. HP: 43/43 MP: 6/9
  3033 | D:3      | Found a transporter.
  3102 | D:3      | Found a sacrificial altar of Ru.
  3104 | D:3      | Noticed a phantom
  3114 | D:3      | Killed a phantom
  3575 | D:3      | Reached XP level 6. HP: 37/50 MP: 7/11
  3679 | D:3      | Reached skill level 5 in Fighting
  3679 | D:3      | Reached skill level 5 in Shields
  3679 | D:3      | Reached skill level 5 in Evocations
  4463 | D:4      | Found an ornate altar of the Wu Jian Council.
  4899 | D:4      | Reached XP level 7. HP: 33/56 MP: 12/12
  5523 | D:5      | Entered Level 5 of the Dungeon
  5721 | D:5      | Found a white marble altar of Elyvilon.
  6215 | D:5      | Reached XP level 8. HP: 21/63 MP: 5/14
  6439 | D:5      | Noticed Pikel
  6468 | D:5      | Killed Pikel
  6586 | D:5      | Noticed Edmund
  6603 | D:5      | Killed Edmund
  6604 | D:5      | Reached skill level 5 in Poison Magic
  6843 | D:5      | Found a sparkling altar of Nemelex Xobeh.
  7261 | D:5      | Reached XP level 9. HP: 41/67 MP: 10/16
  7472 | D:6      | Reached skill level 5 in Spellcasting
  7688 | D:6      | Reached skill level 5 in Dodging
  8380 | D:7      | Found a sparkling altar of Nemelex Xobeh.
  8382 | D:7      | Found an ornate altar of the Wu Jian Council.
  8382 | D:7      | Found a shimmering blue altar of Sif Muna.
  8385 | D:7      | Found a bloodstained altar of Trog.
  8385 | D:7      | Found an opulent altar of Gozag.
  8385 | D:7      | Found a shimmering altar of Xom.
  8427 | D:7      | Reached skill level 5 in Invocations
  8495 | D:7      | Found a staircase to the Ecumenical Temple.
  8513 | Temple   | Entered the Ecumenical Temple
  8553 | D:7      | Reached * piety under Ashenzari
  8558 | D:7      | Noticed Dowan
  8562 | D:7      | Noticed Duvessa
  8577 | D:7      | Killed Duvessa
  8584 | D:7      | Killed Dowan
  9080 | D:7      | Noticed a manticore
  9096 | D:7      | Killed a manticore
  9117 | D:7      | Reached skill level 5 in Short Blades
  9117 | D:7      | Reached skill level 5 in Long Blades
  9117 | D:7      | Reached skill level 5 in Axes
  9117 | D:7      | Reached skill level 5 in Maces & Flails
  9117 | D:7      | Reached skill level 5 in Polearms
  9117 | D:7      | Reached skill level 5 in Staves
  9117 | D:7      | Reached skill level 5 in Ranged Weapons
  9117 | D:7      | Reached skill level 5 in Throwing
  9117 | D:7      | Reached skill level 5 in Armour
  9117 | D:7      | Reached skill level 5 in Stealth
  9117 | D:7      | Reached skill level 5 in Unarmed Combat
  9117 | D:7      | Reached XP level 10. HP: 72/77 MP: 14/18
  9547 | D:8      | Noticed Joseph
  9560 | D:8      | Killed Joseph
  9801 | D:8      | Reached ** piety under Ashenzari
 10206 | D:8      | Found Gaxon's Magic Scroll Emporium.
 10236 | D:8      | Bought a scroll of enchant armour for 75 gold pieces
 10317 | D:8      | Found a hazy altar of Hepliaklqana.
 10318 | D:8      | Found a faded altar of an unknown god.
 10358 | D:8      | Found a snail-covered altar of Cheibriados.
 10409 | D:8      | Found a staircase to the Lair.
 10843 | D:8      | Noticed a two-headed ogre
 10881 | D:8      | Slain by a two-headed ogre

Illustrated notes

Levels and vault maps discovered:
D:1:      mrwooster_arrival_statue, layout_basic, minmay_hexomino_u4
D:2:      layout_basic, hellmonk_ecumenical_altar_arch_garden
D:3:      gammafunk_steamed_eel, layout_basic, overflow_temple_1_default,
          mainiacjoe_overflow_swirl, uniq_ijyb, uniq_robin
D:4:      layout_basic, mainiacjoe_overflow_24_doors
D:5:      layout_basic, mainiacjoe_overflow_alcove_2,
          nemelex_xobeh_ov_fountains_minmay, uniq_edmund, uniq_pikel
D:6:      layout_cave_pools
D:7:      layout_rooms, doesnt_xom_only_xom, minmay_temple_entry_mist,
          minmay_three_doors, uniq_duvessa
D:8:      layout_cave_pools, beargit_hepliaklqana_dungeon_heroes, slow_altar_1,
          minmay_lair_entry_grove, serial_shops, nicolae_shop_advertising_works
          [nicolae_subvault_shop_adworks], serial_gnoll_camp,
          gnoll_camp_mini_doghouse, gnoll_camp_mini_basic, gnoll_camp_medium_01,
          gnoll_camp_mini_sergeant, uniq_joseph
Temple:   nicolae_temple_ecumenical_triangle

Skill      XL: |  1  2  3  4  5  6  7  8  9 10 |
---------------+-------------------------------+-----
Invocations    | 1 2 3 4 5 6 |  6.4
Short Blades   | 1 2 3 5 |  5.8
Long Blades    | 1 2 3 5 |  5.8
Axes           | 1 2 3 5 |  5.8
Maces & Flails | 1 2 3 5 |  5.8
Polearms       | 1 2 3 5 |  5.8
Staves         | 1 2 3 5 |  5.8
Ranged Weapons | 1 2 3 5 |  5.8
Throwing       | 1 2 3 5 |  5.8
Armour         | 1 2 3 5 |  5.8
Stealth        | 1 2 3 5 |  5.8
Unarmed Combat | 1 2 3 5 |  5.8
Spellcasting   | 3 4 5 6 |  6.5
Conjurations   | 1 2 3 4 |  4.8
Hexes          | 1 2 3 4 |  4.8
Summonings     | 1 2 3 4 |  4.8
Necromancy     | 1 2 3 4 |  4.8
Translocations | 1 2 3 4 |  4.8
Transmutations | 1 2 3 4 |  4.8
Fire Magic     | 1 2 3 4 |  4.8
Ice Magic      | 1 2 3 4 |  4.8
Air Magic      | 1 2 3 4 |  4.8
Earth Magic    | 1 2 3 4 |  4.8
Dodging        | 3 4 5 6 |  6.4
Poison Magic   | 4 5 6 |  6.2
Fighting       | 5 6 7 |  7.5
Shields        | 5 6 7 |  7.5
Evocations     | 5 6 7 |  7.5

Action                   |  1- 3 |  4- 6 |  7- 9 | 10-12 || total
-------------------------+-------+-------+-------+-------++-------
Melee: Dagger            |    81 |    69 |     6 |       ||   156
       Bite              |     6 |     7 |    32 |    17 ||    62
       Staff             |       |       |   217 |    73 ||   290
       Scimitar          |       |       |       |    65 ||    65
       Whip              |       |       |       |    26 ||    26
 Fire: Sling             |     7 |     4 |       |       ||    11
Throw: Dart              |     4 |    17 |     7 |     1 ||    29
       Boomerang         |       |       |       |    12 ||    12
 Cast: Sting             |    38 |    45 |    51 |    33 ||   167
Invok: Curse Item        |       |     1 |     1 |     1 ||     3
Evoke: Wand              |       |    10 |    15 |     2 ||    27
  Use: Scroll            |       |     6 |     2 |     3 ||    11
       Potion            |       |     1 |       |     2 ||     3
 Stab: Paralysed         |       |       |    12 |     7 ||    19
       Sleeping          |       |       |     3 |     2 ||     5
Armor: Robe              |    19 |     1 |    13 |       ||    33
       Skin              |       |    15 |       |       ||    15
       Leather armour    |       |       |    28 |    33 ||    61
Dodge: Dodged            |    63 |    44 |   114 |   135 ||   356
Block: Buckler           |    44 |    25 |    64 |    79 ||   212
